 Dungeon Crawl Stone Soup version 0.29-a0-802-g34511f41fd (webtiles) character file.

Game seed: 5675554548232616110

508 LynnLen the Digger (level 7, -1/52 HPs)
             Began as a Formicid Earth Elementalist on July 4, 2022.
             Slain by a hobgoblin (4 damage)
             ... led by Robin
             ... on level 4 of the Dungeon.
             The game lasted 00:12:31 (2811 turns).

LynnLen the Digger (Formicid Earth Elementalist)    Turns: 2811, Time: 00:12:31

Health: -1/52      AC:  3    Str: 13    XL:     7   Next: 42%
Magic:  12/12      EV: 12    Int: 16    God:
Gold:   253        SH:  0    Dex: 14    Spells: 10/13 levels left

rFire   . . .      SeeInvis +   k - +2 quarterstaff (spect)
rCold   . . .      Faith    .   (no shield)
rNeg    . . .      Spirit   .   a - +0 robe
rPois   .          Reflect  .   (helmet unavailable)
rElec   .          Harm     .   (no cloak)
rCorr   .          Rampage  .   (no gloves)
Will    .....                   m - +0 pair of boots
Stlth   ++........              (no amulet)
HPRegen 0.17/turn               (no ring)
MPRegen 0.13/turn               (no ring)

@: no status effects
A: permanent stasis, dig shafts and tunnels, antennae 3, four strong arms
a: Dig, Shaft Self


You were on level 4 of the Dungeon.
You visited 1 branch of the dungeon, and saw 4 of its levels.

You collected 253 gold pieces.

Inventory:

Hand Weapons
 i - a +0 whip
 k - a +2 spectral quarterstaff (weapon)
Missiles
 j - 6 boomerangs
Armour
 a - a +0 robe (worn)
 m - a +0 pair of boots (worn)
Wands
 l - a wand of paralysis (12)
Scrolls
 g - a scroll of blinking
 h - a scroll of magic mapping
 n - a scroll of fear {unknown}
 o - a scroll of brand weapon {unknown}
 q - a scroll of fog {unknown}
 r - a scroll of amnesia {unknown}
Potions
 b - a potion of magic
 c - a potion of haste {unknown}
 d - 2 potions of flight
 e - a potion of might {unknown}
 f - a potion of heal wounds {unknown}
 p - a potion of curing {unknown}


   Skills:
 * Level 3.2 Fighting
 - Level 0.2 Short Blades
 + Level 1.7 Staves
 * Level 2.8 Armour
 + Level 2.6 Dodging
 + Level 3.4 Stealth
 + Level 3.5 Spellcasting
 * Level 1.4 Transmutations
 + Level 5.5 Earth Magic


You had 10 spell levels left.
You knew the following spells:

 Your Spells              Type           Power      Damage    Failure   Level
a - Sandblast             Erth           40%        2d10      1%          1
b - Passwall              Tmut/Erth      11%        N/A       6%          2

Your spell library contained the following spells:

 Spells                   Type           Power      Damage    Failure   Level
 Stone Arrow              Conj/Erth      22%        3d8       17%         3
 Ensorcelled Hibernation  Hex/Ice        4%         N/A       26%         2
 Petrify                  Tmut/Erth      14%        N/A       38%         4
 Swiftness                Air            Unusable   N/A       N/A         3

Dungeon Overview and Level Annotations

Branches:
Dungeon (4/15)
 Temple: D:4-7

Altars:

Annotations:
D:4 Robin


Innate Abilities, Weirdness & Mutations

You cannot be hasted, slowed, berserked, paralysed or teleported.
You can dig through walls and to a lower floor.
You have a pair of large antennae on your head. (SInv)
Your four strong arms can wield two-handed weapons with a shield.


Message History

You barely miss the goblin.
The hobgoblin no longer looks unusually strong.
The goblin hits you with a +0 club. x2
You thump the goblin!
You kill the goblin!
The goblin no longer looks unusually strong.
Robin roars a battlecry!
The goblins go into a battle-frenzy!
The goblin closely misses you.
You hit the endoplasm.
The endoplasm is almost dead.
The endoplasm hits you. The goblin misses you.
You hit the endoplasm.
You kill the endoplasm!
The hobgoblin no longer looks unusually strong.
Robin throws the goblin at you! The goblin hits you but does no damage.
The goblin misses you.
You barely miss the goblin. The goblin hits you with a +0 club.
* * * LOW HITPOINT WARNING * * *
The goblin hits you with a +0 club.
* * * LOW HITPOINT WARNING * * *
The goblin barely misses you. x2
You thump the goblin!
You kill the goblin!
The goblin no longer looks unusually strong.
The goblin hits you with a +0 club.
* * * LOW HITPOINT WARNING * * *
You closely miss the hobgoblin.
The hobgoblin no longer looks unusually strong.
Robin roars a battlecry!
The goblins go into a battle-frenzy!
The goblin misses you. The hobgoblin hits you.
* * * LOW HITPOINT WARNING * * *
Unknown command.
You closely miss the goblin.
The hobgoblin no longer looks unusually strong.
Robin roars a battlecry!
The hobgoblin goes into a battle-frenzy!
The hobgoblin hits you.
You die...

.......# ....#### ... .#.##
... ##.## .... #).#### .....
###)#..## #..... #.......#
####......
........###########gg.......
...)...........g@g5gg)..?...
...............#######......
.........)###### .....
...........# ##..
...........# # ...........#
............# ............#
............#


You could see Robin, an ufetubus, 4 hobgoblins and a goblin (strong).

Vanquished Creatures
  A black bear (D:4)
  A scorpion (D:3)
  Natasha (thrice) (D:3)
  2 iguanas (D:4)
  An orc wizard (D:3)
  14 gnolls
  An adder (D:3)
  An ufetubus (D:3)
  A dart slug (D:1)
  5 orcs (D:3)
  4 ball pythons
  7 endoplasms
  2 giant cockroaches
  9 goblins
  6 hobgoblins
  2 jackals (D:2)
  2 quokkas
  2 bats
  3 frilled lizards
  3 kobolds
70 creatures vanquished.

Notes
Turn   | Place    | Note
-------+----------+-------------------------------------------
     0 | D:1      | LynnLen the Formicid Earth Elementalist began the quest for
                  | the Orb.
     0 | D:1      | Reached XP level 1. HP: 13/13 MP: 3/3
    75 | D:1      | Found a faded altar of an unknown god.
   191 | D:1      | Reached XP level 2. HP: 20/20 MP: 1/5
   198 | D:1      | Reached skill level 1 in Fighting
   215 | D:1      | Learned a level 2 spell: Passwall
   611 | D:2      | Reached skill level 4 in Earth Magic
   611 | D:2      | Reached XP level 3. HP: 26/26 MP: 2/6
   628 | D:2      | Reached XP level 4. HP: 33/33 MP: 4/7
   661 | D:2      | Reached skill level 1 in Armour
  1128 | D:2      | Reached XP level 5. HP: 38/38 MP: 6/8
  1472 | D:3      | Noticed Natasha
  1478 | D:3      | Killed Natasha
  1500 | D:3      | Reached skill level 5 in Earth Magic
  1565 | D:3      | Noticed Natasha
  1582 | D:3      | Killed Natasha
  1583 | D:3      | Reached XP level 6. HP: 8/46 MP: 10/10
  1868 | D:3      | Noticed Natasha
  1873 | D:3      | Killed Natasha
  2204 | D:3      | Reached skill level 1 in Staves
  2319 | D:4      | Noticed a black bear
  2338 | D:4      | Killed a black bear
  2339 | D:4      | Reached XP level 7. HP: 52/52 MP: 7/11
  2793 | D:4      | Noticed Robin
  2810 | D:4      | HP: 2/52 [hobgoblin[Robin] (4)]
  2811 | D:4      | Slain by a hobgoblin

Illustrated notes

Levels and vault maps discovered:
D:1:      grunt_arrival_lava_bath, layout_rooms,
          dreamdust_ecumenical_altar_statues
D:2:      layout_loops_ring, palyth_stone_intersect
D:3:      layout_rooms, uniq_natasha
D:4:      layout_cave_pods, uniq_robin

Skill      XL: |  1  2  3  4  5  6 |
---------------+-------------------+-----
Dodging        | 2 |  2.6
Fighting       | 1 2 3 |  3.2
Earth Magic    | 4 5 |  5.5
Armour         | 1 2 |  2.8
Stealth        | 3 |  3.4
Spellcasting   | 3 |  3.5
Staves         | 1 |  1.7
Short Blades   | |  0.2
Transmutations | |  1.4

Action                   |  1- 3 |  4- 6 |  7- 9 || total
-------------------------+-------+-------+-------++-------
Melee: Unarmed           |     1 |       |       ||     1
       Whip              |     5 |       |       ||     5
       Short sword       |     5 |       |       ||     5
       Quarterstaff      |     6 |    44 |    34 ||    84
 Cast: Sandblast         |    19 |    15 |     4 ||    38
  Use: Scroll            |       |     5 |       ||     5
 Stab: Distracted        |     1 |       |       ||     1
       Sleeping          |       |       |     1 ||     1
Armor: Robe              |     2 |     7 |     7 ||    16
Dodge: Dodged            |    18 |    28 |    25 ||    71

Table legend: (Time is in decaauts)
 A = Elapsed time spent in this place.
 B = Non-inter-level travel time spent in this place.
 C = Inter-level travel time spent in this place.
 D = Time resting spent in this place.
 E = Time spent auto-exploring this place.
 F = Levels seen in this place.
 G = Mean time per level.
                   A        B        C        D        E       F      G
               +--------+--------+--------+--------+--------+-----+--------+
         Total |   2868 |   2868 |      0 |    457 |    942 |   4 |  717.0 |
       Dungeon |   2868 |   2868 |      0 |    457 |    942 |   4 |  717.0 |
               +--------+--------+--------+--------+--------+-----+--------+

Top non-repeatable levels by time:
     D:2: 1000 daAuts
     D:3: 846 daAuts
     D:4: 522 daAuts
     D:1: 498 daAuts
